 Dungeon Crawl Stone Soup version 0.20-a0-350-ga83eecc (webtiles) character file.

195861 mopl the Unseen (level 17, -20/97 HPs)
             Began as a Deep Elf Assassin on Dec 21, 2016.
             Was a High Priest of Okawaru.
             Demolished by a spriggan rider
             ... wielding a +0 spear
              (27 damage)
             ... on level 4 of the Swamp on Dec 24, 2016.
             The game lasted 02:31:50 (49041 turns).

mopl the Unseen (Deep Elf Assassin)                Turns: 49041, Time: 02:31:52

Health: -20/97     AC: 20    Str:  8    XL:     17   Next: 72%
Magic:  24/26      EV: 26    Int: 18    God:    Okawaru [*****.]
Gold:   566        SH:  8    Dex: 20    Spells: 5/26 levels left

rFire  + . .     SeeInvis .     a - +4 arc blade {discharge, rElec}
rCold  + . .     Gourm    .     M - +0 robe {rF+}
rNeg   + . .     Faith    .     c - +0 buckler {AC+3}
rPois  +         Spirit   .     x - +2 helmet
rElec  +         Reflect  .     G - +2 ratskin cloak {rPois rN+ Int-1 Dex-1}
rCorr  .         Harm     .     R - +0 pair of gloves
MR     ++...                    d - +2 pair of boots {run}
Stlth  +++++++++.               n - amulet of magic regeneration
                                T - ring of protection from magic
                                s - +4 ring of protection

@: heroism, repel missiles, quick
A: cold resistance 1
}: 1/15 runes: abyssal
a: Heroism, Finesse, Renounce Religion


You were on level 4 of the Swamp.
You worshipped Okawaru.
Okawaru was extremely pleased with you.
You were not hungry.

You visited 6 branches of the dungeon, and saw 30 of its levels.
You visited the Abyss 1 time.
You also visited: Labyrinth, Sewer, Ossuary and Volcano.

You collected 3496 gold pieces.
You spent 2930 gold pieces at shops.

Inventory:

Hand Weapons
 a - the +4 arc blade (weapon) {discharge, rElec}
   (You bought it in a shop on level 2 of the Orcish Mines)

   It insulates you from electricity.
 b - a +5 blowgun
 w - a +0 demon blade of freezing
 I - a +1 scimitar of flaming
Missiles
 e - 134 poisoned needles
 f - 11 curare-tipped needles
 B - 17 needles of sleeping
 N - 13 poisoned javelins
 U - 7 javelins of penetration
 Y - 6 throwing nets (quivered)
Armour
 c - a +0 buckler of protection (worn)
 d - a +2 pair of boots of running (worn)
 x - a +2 helmet (worn)
 G - the +2 ratskin cloak (worn) {rPois rN+ Int-1 Dex-1}
   (You acquired it on level 13 of the Dungeon)

   It affects your intelligence (-1).
   It affects your dexterity (-1).
   It protects you from poison.
   It protects you from negative energy.
 M - a +0 robe of fire resistance (worn)
 P - the -2 helmet of Grace {rPois Dex+2}
   (You found it on level 1 of the Elven Halls)

   It affects your dexterity (+2).
   It protects you from poison.
 R - a +0 pair of gloves (worn)
Jewellery
 n - an amulet of magic regeneration (around neck)
 s - a +4 ring of protection (left hand)
 T - a ring of protection from magic (right hand)
 V - the ring "Fouded" {rF- rN+ MR+ Str+4}
   (You found it in a labyrinth)

   [ring of positive energy]

   It affects your strength (+4).
   It makes you vulnerable to fire.
   It protects you from negative energy.
   It affects your resistance to hostile enchantments.
 Z - an uncursed ring of protection from cold
Wands
 h - a wand of iceblast (10/15)
 y - a wand of enslavement (10/24)
 L - a wand of iceblast (6/15)
 S - a wand of digging (4/24)
 W - a wand of acid (8/15)
 X - a wand of lightning (10/15)
Scrolls
 p - 4 scrolls of remove curse
 q - 4 scrolls of summoning
 r - 2 scrolls of fear
 t - 6 scrolls of magic mapping
 u - 3 scrolls of fog
 v - 13 scrolls of teleportation
 z - a scroll of enchant armour
 F - 12 scrolls of identify
Potions
 i - 5 potions of agility
 j - 5 potions of resistance
 k - 9 potions of haste
 l - 2 potions of heal wounds
 m - 10 potions of flight
 o - 14 potions of curing {unknown}
 D - 2 potions of berserk rage {!q}
 H - 3 potions of ambrosia
 K - 3 potions of invisibility
 O - a potion of might
Miscellaneous
 A - a phial of floods
 Q - a box of beasts
Comestibles
 g - 18 bread rations
 E - 2 meat rations


   Skills:
 + Level 8.1(13.1) Fighting
 + Level 12.6(17.6) Short Blades
 * Level 15.2(20.2) Throwing
 + Level 10.8(15.8) Dodging
 + Level 19.1(24.1) Stealth
 - Level 6.1(11.1) Shields
 - Level 5.0 Spellcasting
 + Level 14.1 Hexes
 - Level 6.6 Charms
 + Level 6.5 Ice Magic
 - Level 8.0 Invocations


You had 5 spell levels left.
You knew the following spells:

 Your Spells              Type           Power        Failure   Level  Hunger
a - Apportation           Tloc           #.........   14%         1    None
b - Ensorcelled Hibernat  Hex/Ice        #####.       1%          2    #......
c - Confuse               Hex            ######..     1%          3    ##.....
d - Tukima's Dance        Hex            ######..     1%          3    ##.....
g - Dazzling Spray        Conj/Hex       ####..       2%          3    ##.....
i - Repel Missiles        Chrm/Air       ###...       6%          2    #......
n - Swiftness             Chrm/Air       ###.....     6%          2    #......
s - Ozocubu's Armour      Chrm/Ice       ####....     2%          3    ##.....
C - Corpse Rot            Necr           N/A          21%         2    #......


Dungeon Overview and Level Annotations

Branches:
Dungeon (15/15)            Temple (1/1) D:7            Lair (6/6) D:9
  Swamp (4/4) Lair:3        Snake (0/4) Lair:3        Slime (0/5) Lair:5
    Orc (2/2) D:10            Elf (2/3) Orc:2        Vaults (0/5) D:14
 Depths (0/5) D:15

Altars:
Dithmenos
Fedhas
Gozag
Hepliaklqana
Kikubaaqudgha
Makhleb
Nemelex Xobeh
Okawaru
Ru
Vehumet
Xom
Yredelemnul
Zin
Beogh
Jiyva

Shops:
Orc:2 ?}(?   Elf:2 ?

Annotations:
D:11 flight
Lair:3 azzavlup's ghost, journeyman TeBe
Swamp:4 snakesoul's ghost, adept MiFi
Elf:1 exclusion: 3 doors
Elf:2 3 runed doors


Innate Abilities, Weirdness & Mutations

Your flesh is cold resistant. (rC+)


Message History

Unknown command.
Press: ? - help, v - describe, . - travel
Here: snakesoul's ghost, wielding a weapon of flaming (noxious fumes)
The floor.
Unknown command.
You gain the combat prowess of a mighty hero.
Snakesoul's ghost hits you!! Snakesoul's ghost burns you.
The spriggan rider is engulfed in noxious fumes.
The spriggan rider hits you from afar with a spear!
The spriggan rider is engulfed in noxious fumes.
The spriggan rider hits you with a spear!
Unknown command.
The spriggan rider is engulfed in noxious fumes.
The spriggan rider appears confused.
Snakesoul's ghost hits you!!
* * * LOW HITPOINT WARNING * * *
Snakesoul's ghost burns you.
* * * LOW HITPOINT WARNING * * *
The spriggan rider is engulfed in noxious fumes.
The spriggan rider hits you from afar with a spear!!
You die...

♣.≈≈§.≈≈≈
♣.....≈≈≈
♣♣♣♣♣♣...≈..≈≈
♣≈.♣♣§≈≈≈≈≈.≈≈
♣♣..♣♣.≈≈≈≈≈..≈
♣.≈≈≈♣♣.≈i≈≈≈.≈
♣.≈≈.♣♣§§≈≈≈≈.≈
♣♣†.♣.iWki.....
♣†.♣≈§@♣♣≈≈.≈≈
♣≈.§♣♣≈♣ ♣≈≈.
♣...♣♣♣.♣ .§
♣♣≈.♣ ♣.. §
♣♣♣♣ §... .≈≈≈≈
.§≈≈≈≈ ♣..≈≈≈


You could see 3 spriggan riders, a swamp drake and snakesoul's ghost.

Vanquished Creatures
  3 thorn hunters
  Kirke (D:15)
  A deep elf sorcerer (Elf:1)
  2 entropy weavers (D:12)
  3 deep elf demonologists (Elf:1)
  A dire elephant (Lair:6)
  A deep elf annihilator (Elf:1)
  Snorg (D:10)
  A deep elf death mage (Elf:1)
  A minotaur (Lab)
  Josephine (D:14)
  3 deep elf high priests (Elf:1)
  2 ogre magi (Orc:2)
  10 hydras
  A fire dragon (D:15)
  Erolcha (D:10)
  Harold (Lair:3)
  2 vault guards (D:14)
  An ice dragon (D:15)
  3 catoblepae
  2 centaur warriors
  A ghost crab (Swamp:3)
  A death knight (D:15)
  4 alligators
  12 two-headed ogres
  10 death yaks
  A deep troll shaman (Lair:6)
  The ghost of DEFE the Slicer, a journeyman VSAs of Uskayaw (D:12)
  8 dancing weapons
  2 orc high priests
  A tengu warrior (D:15)
  A queen ant (D:12)
  Urug (D:15)
  Sonja (Lair:1)
  9 deep elf knights
  3 skeletal warriors
  2 swamp dragons (Swamp:3)
  2 spriggan druids (Swamp:2)
  18 deep elf archers
  3 unseen horrors
  A wizard (D:14)
  A lindwurm (Lair:6)
  A shambling mangrove (Swamp:2)
  3 anaconda skeletons (Volcano)
  2 necromancers
  2 wolf spider zombies (D:13)
  An oklob plant (Lair:6)
  9 orc sorcerers
  36 deep elf magi
  A shining eye (shapeshifter) (Elf:1)
  A faun (shapeshifter) (Elf:1)
  3 centaur zombies
  18 elephants
  4 black mambas
  23 spiny frogs
  3 gargoyles (Volcano)
  2 kobold demonologists (D:15)
  2 efreet (D:15)
  10 komodo dragons
  2 yaktaurs (D:14)
  A swamp worm zombie (Swamp:2)
  A tengu conjurer (D:15)
  A hydra zombie (Swamp:2)
  Prince Ribbit (D:7)
  5 trolls
  4 polar bears
  22 blink frogs
  A minotaur skeleton (Lab)
  12 hornets
  29 slime creatures
  2 tyrant leeches
  4 bog bodies
  16 hippogriffs
  2 flying skulls (Volcano)
  11 dream sheep
  3 air elementals (Elf:1)
  A spriggan (shapeshifter) (D:13)
  2 shadows
  2 vampires
  8 spriggans
  45 yaks
  A redback (Lab)
  8 wraiths
  5 hogs (D:15)
  2 water elementals
  6 wyverns
  6 basilisks
  19 humans (D:14)
  2 fire elementals
  A hog (shapeshifter) (Elf:1)
  30 vampire mosquitoes
  A steam dragon (Lair:5)
  3 hungry ghosts
  A warg (Orc:1)
  Menkaure (Ossuary)
  10 insubstantial wisps
  19 soldier ants
  5 water moccasins
  An acid dragon (D:15)
  14 swamp worms
  3 hell hounds (D:11)
  7 porcupines
  A black bear (D:7)
  2 sky beasts
  7 swamp drakes
  17 orc warriors
  2 phantoms
  A necrophage (D:12)
  An eye of draining (shapeshifter) (Elf:2)
  A hornet zombie (D:13)
  6 ice beasts
  9 ogres
  8 centaurs
  14 wolves
  13 crocodiles
  3 big kobolds
  A komodo dragon zombie (Swamp:2)
  26 bullfrogs
  3 wyvern zombies
  2 wyvern skeletons (D:14)
  5 scorpions
  A troll skeleton (Volcano)
  6 electric eels
  8 howler monkeys
  A spriggan skeleton (Volcano)
  4 wights (D:8)
  4 bullfrog zombies
  5 crimson imps
  A quasit (D:8)
  8 hounds
  4 jellies
  11 orc priests
  3 bullfrog skeletons
  A gnoll shaman (D:8)
  41 orc wizards
  5 centaur skeletons
  9 iguanas
  25 worker ants
  An ogre skeleton (Lab)
  6 mummies
  A howler monkey zombie (D:7)
  3 worker ant zombies
  7 gnolls
  A howler monkey skeleton (D:8)
  12 adders
  A river rat (Sewer)
  5 shadow imps
  An adder skeleton (D:4)
  An adder zombie (D:5)
  3 worms
  2 dart slugs (D:1)
  5 leopard geckos
  99 orcs
  A ball python (D:3)
  4 bats
  4 giant cockroaches
  3 gnoll zombies (Ossuary)
  8 goblins
  3 hobgoblins
  9 jackals
  4 quokkas
  A ball python skeleton (D:4)
  9 frilled lizards
  3 gnoll skeletons (Ossuary)
  3 goblin skeletons (Ossuary)
  A goblin zombie (Ossuary)
  6 hobgoblin zombies (Ossuary)
  16 kobolds
  4 kobold skeletons (Ossuary)
  5 kobold zombies (Ossuary)
  2 leopard gecko zombies (D:5)
  4 orc skeletons (Ossuary)
  2 orc zombies (Ossuary)
  A quokka skeleton (D:4)
  8 rats
  3 rat skeletons (Ossuary)
  5 rat zombies (Ossuary)
  2 fungi (Lair:1)
  2 plants
1086 creatures vanquished.

Vanquished Creatures (collateral kills)
  Rupert (Lair:6)
  A hydra (Lair:6)
  A crocodile (Lair:6)
  2 fungi (Lair:6)
5 creatures vanquished.

Vanquished Creatures (others)
  A spriggan druid (Swamp:2)
  A deep elf mage (Elf:1)
  A blink frog (Swamp:3)
  A human (D:15)
  An orc (Orc:2)
  A gnoll zombie (Ossuary)
  2 goblin skeletons (Ossuary)
  2 kobold skeletons (Ossuary)
  A kobold zombie (Ossuary)
  4 rat skeletons (Ossuary)
  A rat zombie (Ossuary)
  7 bushes
  36 fungi
  41 plants
  8 tentacles (Abyss:3)
108 creatures vanquished.

Grand Total: 1199 creatures vanquished

Notes
Turn   | Place    | Note
-------+----------+-------------------------------------------
     0 | D:1      | mopl the Deep Elf Assassin began the quest for the Orb.
     0 | D:1      | Reached XP level 1. HP: 12/12 MP: 3/3
   102 | D:1      | Reached skill level 5 in Stealth
   334 | D:1      | Reached XP level 2. HP: 11/16 MP: 4/4
  1206 | D:2      | Reached XP level 3. HP: 20/20 MP: 5/5
  1260 | D:2      | Reached skill level 6 in Stealth
  1656 | D:2      | Reached XP level 4. HP: 21/25 MP: 6/6
  2183 | D:3      | Reached skill level 3 in Throwing
  2216 | D:3      | Reached skill level 7 in Stealth
  2216 | D:3      | Reached XP level 5. HP: 20/29 MP: 7/7
  2388 | D:3      | Found a glowing drain.
  2394 | Sewer    | Entered a sewer
  2396 | Sewer    | Reached skill level 3 in Short Blades
  2615 | Sewer    | Found a white marble altar of Elyvilon.
  2768 | D:3      | Reached XP level 6. HP: 34/34 MP: 8/8
  3018 | D:3      | Learned a level 3 spell: Confuse
  3062 | D:4      | Reached skill level 8 in Stealth
  3062 | D:4      | Reached skill level 1 in Hexes
  3398 | D:4      | Reached skill level 2 in Hexes
  3512 | D:4      | Found a sand-covered staircase.
  3516 | Ossuary  | Entered an ossuary
  3590 | Ossuary  | Reached XP level 7. HP: 34/38 MP: 9/9
  3890 | Ossuary  | Noticed Menkaure
  3894 | Ossuary  | Killed Menkaure
  3894 | Ossuary  | Reached skill level 3 in Hexes
  3931 | Ossuary  | Reached skill level 4 in Throwing
  3954 | Ossuary  | Reached skill level 9 in Stealth
  4787 | D:3      | HP: 1/38 [orc wizard/magic dart (8)]
  5106 | D:3      | Reached skill level 4 in Short Blades
  5106 | D:3      | Reached skill level 4 in Hexes
  5198 | D:5      | Entered Level 5 of the Dungeon
  5225 | D:5      | Gained mutation: Your flesh is cold resistant. (rC+) [potion of beneficial mutation]
  5583 | D:5      | Reached skill level 5 in Hexes
  5583 | D:5      | Reached XP level 8. HP: 13/43 MP: 6/10
  5830 | D:5      | You fall through a shaft for 2 floors!
  5886 | D:7      | You fall through a shaft for 3 floors!
  5886 | D:10     | Entered Level 10 of the Dungeon
  6483 | D:8      | Reached skill level 10 in Stealth
  6728 | D:8      | Reached skill level 6 in Hexes
  7142 | D:7      | You fall through a shaft!
  7241 | D:7      | Reached skill level 5 in Throwing
  7602 | D:6      | Noticed a two-headed ogre
  7769 | D:6      | Reached skill level 7 in Hexes
  7962 | D:5      | Learned a level 1 spell: Apportation
  8164 | D:6      | Reached skill level 5 in Short Blades
  8432 | D:6      | Reached XP level 9. HP: 38/47 MP: 11/11
  8561 | D:6      | Killed a two-headed ogre
  8561 | D:6      | Reached skill level 11 in Stealth
  8561 | D:6      | Reached skill level 8 in Hexes
  8992 | D:7      | Found a staircase to the Ecumenical Temple.
  9002 | Temple   | Entered the Ecumenical Temple
  9028 | Temple   | Became a worshipper of Warmaster Okawaru
  9399 | D:7      | Reached skill level 1 in Invocations
  9446 | D:7      | Noticed Prince Ribbit
  9498 | D:7      | Killed Prince Ribbit
  9498 | D:7      | Reached skill level 6 in Throwing
  9498 | D:7      | Reached skill level 9 in Hexes
  9889 | D:7      | Reached skill level 6 in Short Blades
 10108 | D:8      | Reached skill level 12 in Stealth
 10522 | D:8      | Noticed a two-headed ogre
 10544 | D:8      | Reached * piety under Okawaru
 10558 | D:8      | Killed a two-headed ogre
 10558 | D:8      | Reached ** piety under Okawaru
 10558 | D:8      | Reached skill level 2 in Invocations
 10558 | D:8      | Reached XP level 10. HP: 47/52 MP: 7/13
 10694 | D:8      | Learned a level 2 spell: Repel Missiles
 10698 | D:8      | Learned a level 2 spell: Swiftness
 10778 | D:8      | Noticed a two-headed ogre
 10786 | D:8      | Killed a two-headed ogre
 10786 | D:8      | Reached *** piety under Okawaru
 10786 | D:8      | Reached skill level 10 in Hexes
 10826 | D:8      | Reached skill level 3 in Invocations
 10840 | D:8      | Got a twisted battleaxe
 10841 | D:8      | Identified the +4 battleaxe of Ocoqoudy {pain, Fragile rPois rF+ Str+3} (You found it on level 8 of the Dungeon)
 11563 | D:9      | Found a staircase to the Lair.
 11678 | D:9      | Received a gift from Okawaru
 11743 | D:9      | Reached skill level 7 in Throwing
 11806 | D:9      | Noticed a two-headed ogre
 11840 | D:9      | Reached skill level 13 in Stealth
 12052 | D:9      | Killed a two-headed ogre
 12052 | D:9      | Reached skill level 7 in Short Blades
 12052 | D:9      | Reached skill level 4 in Invocations
 12220 | Lair:1   | Entered Level 1 of the Lair of Beasts
 12330 | Lair:1   | Noticed a spiny frog
 12349 | Lair:1   | Killed a spiny frog
 12349 | Lair:1   | Reached **** piety under Okawaru
 12349 | Lair:1   | Received a gift from Okawaru
 12402 | Lair:1   | Noticed a spiny frog
 12416 | Lair:1   | Found a dark tunnel.
 12481 | Volcano  | Entered a volcano
 12506 | Volcano  | Reached XP level 11. HP: 35/56 MP: 8/16
 12518 | Volcano  | Noticed Kidiri's ghost (journeyman DEFE)
 12681 | Volcano  | Received a gift from Okawaru
 12681 | Volcano  | Reached skill level 14 in Stealth
 12681 | Volcano  | Reached skill level 5 in Invocations
 12689 | Volcano  | Noticed a skeletal warrior
 12691 | Volcano  | Killed a skeletal warrior
 12709 | Volcano  | Reached skill level 8 in Throwing
 12720 | Volcano  | Noticed a skeletal warrior
 12735 | Volcano  | Killed a skeletal warrior
 12735 | Volcano  | Reached ***** piety under Okawaru
 12873 | Lair:1   | Noticed a four-headed hydra
 13838 | D:9      | Reached skill level 6 in Invocations
 13972 | Lair:1   | Reached skill level 8 in Short Blades
 14089 | Lair:1   | Found a burning altar of Makhleb.
 14339 | Lair:1   | Noticed Sonja
 14346 | Lair:1   | Killed Sonja
 14346 | Lair:1   | Reached skill level 15 in Stealth
 15109 | Lair:2   | Received a gift from Okawaru
 15109 | Lair:2   | Reached skill level 11 in Hexes
 15338 | Lair:2   | Reached XP level 12. HP: 58/61 MP: 17/19
 15358 | Lair:2   | Received a gift from Okawaru
 16029 | Lair:2   | Reached skill level 9 in Throwing
 16216 | Lair:2   | Reached skill level 7 in Invocations
 16661 | Lair:2   | Received a gift from Okawaru
 16760 | Lair:3   | Noticed azzavlup's ghost (journeyman TeBe)
 17075 | Lair:3   | Found a staircase to the Swamp.
 17136 | Lair:3   | Found a staircase to the Snake Pit.
 17247 | Lair:3   | Noticed Harold
 17252 | Lair:3   | Killed Harold
 17473 | Lair:3   | Noticed a five-headed hydra
 17482 | Lair:3   | Killed a five-headed hydra
 17516 | Lair:3   | Reached skill level 9 in Short Blades
 17570 | Lair:3   | Noticed a death yak
 17729 | Lair:3   | Noticed a death yak
 17729 | Lair:3   | Noticed a death yak
 17731 | Lair:3   | Noticed a death yak
 17731 | Lair:3   | Noticed a death yak
 17732 | Lair:3   | Killed a death yak
 17732 | Lair:3   | Reached skill level 16 in Stealth
 17739 | Lair:3   | Killed a death yak
 17779 | Lair:2   | Killed a death yak
 17779 | Lair:2   | Reached skill level 10 in Throwing
 18289 | Lair:3   | Killed a death yak
 18295 | Lair:3   | Killed a death yak
 18939 | Lair:4   | Reached skill level 12 in Hexes
 18979 | Lair:4   | Found a labyrinth entrance.
 19002 | Lab      | Entered a labyrinth
 19140 | Lab      | Reached skill level 8 in Invocations
 19140 | Lab      | Reached XP level 13. HP: 49/65 MP: 15/21
 19216 | Lab      | Noticed a minotaur
 19221 | Lab      | Killed a minotaur
 19221 | Lab      | Received a gift from Okawaru
 19265 | Lab      | Identified a scroll of acquirement
 19290 | Lab      | Got a translucent marble ring
 19293 | Lab      | Identified the ring "Fouded" {rF- rN+ MR+ Str+4} (You found it in a labyrinth)
 19336 | Lab      | Learned a level 3 spell: Ozocubu's Armour
 19857 | Lair:4   | Reached skill level 2 in Dodging
 19892 | Lair:4   | Reached skill level 2 in Fighting
 19981 | Lair:4   | Received a gift from Okawaru
 20330 | Lair:4   | Reached skill level 1 in Shields
 21001 | Lair:5   | Reached skill level 1 in Spellcasting
 21239 | Lair:5   | Found a viscous altar of Jiyva.
 21239 | Lair:5   | Found a staircase to the Slime Pits.
 21277 | Lair:5   | Received a gift from Okawaru
 21581 | Lair:4   | Reached skill level 2 in Spellcasting
 22394 | Lair:4   | Reached skill level 3 in Dodging
 22837 | Lair:5   | Reached skill level 11 in Throwing
 22859 | Lair:5   | Reached skill level 3 in Fighting
 22888 | Lair:4   | HP: 3/68 [elephant (14)]
 23853 | Lair:5   | Reached skill level 3 in Spellcasting
 24201 | Lair:5   | Received a gift from Okawaru
 24202 | Lair:5   | Got a pair of heavily runed boots {god gift}
 24208 | Lair:5   | Identified the +0 pair of boots of Inevitability {rN+ Str-5 Int+4} (Okawaru gifted it to you on level 5 of the Lair of Beasts)
 24285 | Lair:5   | Reached skill level 2 in Shields
 24310 | Lair:5   | Reached skill level 10 in Short Blades
 24316 | Lair:5   | Reached skill level 17 in Stealth
 24621 | Lair:6   | Entered Level 6 of the Lair of Beasts
 24834 | Lair:6   | Upgraded the game from 0.20-a0-331-g5b3579f to 0.20-a0-345-gbfb25ec
 24913 | Lair:6   | Reached skill level 4 in Spellcasting
 25076 | Lair:6   | Noticed Rupert
 25138 | Lair:6   | Reached skill level 4 in Dodging
 25836 | D:10     | Reached XP level 14. HP: 73/74 MP: 19/22
 25901 | D:10     | Noticed Snorg
 26206 | D:10     | Killed Snorg
 26234 | D:10     | Found a staircase to the Orcish Mines.
 26465 | D:10     | Noticed Erolcha
 26475 | D:10     | Killed Erolcha
 26906 | D:11     | Reached skill level 3 in Shields
 27283 | Orc:1    | Entered Level 1 of the Orcish Mines
 27783 | Orc:2    | Entered Level 2 of the Orcish Mines
 28357 | Orc:1    | Reached skill level 4 in Fighting
 28589 | Orc:1    | Received a gift from Okawaru
 28589 | Orc:1    | Reached skill level 5 in Spellcasting
 29057 | Orc:2    | Found a staircase to the Elven Halls.
 29128 | Orc:2    | Reached skill level 1 in Charms
 29416 | Orc:2    | Reached skill level 12 in Throwing
 29416 | Orc:2    | Reached skill level 5 in Dodging
 30012 | Orc:2    | Found an ancient bone altar of Kikubaaqudgha.
 30016 | Orc:2    | Received a gift from Okawaru
 30065 | Orc:2    | Found a radiant altar of Vehumet.
 30095 | Orc:2    | Reached skill level 2 in Charms
 30259 | Orc:2    | Received a gift from Okawaru
 30289 | Orc:2    | Identified a +0 pair of boots of running (Okawaru gifted it to you on level 2 of the Orcish Mines)
 30293 | Orc:2    | Found Vuryut's Magic Scroll Shoppe.
 30334 | Orc:2    | Found a roughly hewn altar of Beogh.
 30334 | Orc:2    | Found Oroliock's Magic Scroll Shoppe.
 30369 | Orc:2    | Found Erchie's Gadget Shoppe.
 30406 | Orc:2    | Found Kotogem's Antique Weapon Emporium.
 30421 | Orc:2    | Bought the +4 arc blade {discharge, rElec} for 1292 gold pieces
 30661 | Orc:2    | Bought a scroll of identify for 28 gold pieces
 30661 | Orc:2    | Bought a scroll of fear for 49 gold pieces
 30661 | Orc:2    | Bought a scroll of enchant weapon for 105 gold pieces
 30661 | Orc:2    | Bought a scroll of identify for 28 gold pieces
 30661 | Orc:2    | Bought a scroll of identify for 28 gold pieces
 30661 | Orc:2    | Bought a scroll of identify for 28 gold pieces
 30661 | Orc:2    | Bought a scroll of recharging for 133 gold pieces
 30661 | Orc:2    | Bought a scroll of identify for 28 gold pieces
 30661 | Orc:2    | Bought a scroll of vulnerability for 105 gold pieces
 30661 | Orc:2    | Bought a scroll of teleportation for 42 gold pieces
 30707 | Orc:2    | Bought a scroll of enchant armour for 112 gold pieces
 30707 | Orc:2    | Bought a scroll of blinking for 112 gold pieces
 31477 | D:12     | Noticed DEFE's ghost (journeyman VSAs)
 31482 | D:12     | Killed DEFE's ghost
 31574 | D:12     | Noticed an entropy weaver
 31574 | D:12     | Noticed an entropy weaver
 31617 | D:12     | Reached skill level 4 in Shields
 31640 | D:12     | Reached skill level 3 in Charms
 31881 | D:12     | Killed an entropy weaver
 31881 | D:12     | Reached skill level 6 in Dodging
 31957 | D:12     | Killed an entropy weaver
 32934 | D:13     | Reached skill level 5 in Fighting
 33171 | D:13     | Reached skill level 4 in Charms
 33486 | D:13     | Reached XP level 15. HP: 81/82 MP: 24/24
 34515 | D:11     | Received a gift from Okawaru
 34797 | D:14     | Noticed Josephine
 34804 | D:14     | Killed Josephine
 34804 | D:14     | Reached skill level 11 in Short Blades
 35441 | D:14     | Found a gate to the Vaults.
 35452 | D:14     | Reached ****** piety under Okawaru
 35452 | D:14     | Reached skill level 13 in Throwing
 35455 | D:14     | Reached skill level 5 in Charms
 35469 | D:14     | HP: 4/83 [vault guard/great sword (23)]
 35476 | D:14     | Reached skill level 5 in Shields
 35482 | D:14     | Received a gift from Okawaru
 35482 | D:14     | Reached skill level 7 in Dodging
 35865 | D:14     | Received a gift from Okawaru
 36251 | D:14     | Reached skill level 18 in Stealth
 36926 | D:15     | Entered Level 15 of the Dungeon
 37193 | D:15     | Received a gift from Okawaru
 37245 | D:15     | Noticed Kirke
 37262 | D:15     | Killed Kirke
 37330 | D:15     | Reached skill level 6 in Fighting
 37365 | D:15     | Noticed Urug
 37370 | D:15     | Killed Urug
 37370 | D:15     | Reached skill level 6 in Charms
 37416 | D:15     | Found a staircase to the Depths.
 37610 | D:15     | Found a burning altar of Makhleb.
 37638 | D:15     | Learned a level 2 spell: Ensorcelled Hibernation
 37642 | D:15     | Learned a level 3 spell: Tukima's Dance
 37646 | D:15     | Learned a level 3 spell: Dazzling Spray
 38495 | Lair:6   | Killed Rupert
 38495 | Lair:6   | Reached skill level 8 in Dodging
 38649 | Lair:6   | Received a gift from Okawaru
 38832 | Lair:6   | Reached skill level 1 in Ice Magic
 39173 | Lair:6   | Received a gift from Okawaru
 39249 | Lair:6   | Reached XP level 16. HP: 86/90 MP: 25/25
 39606 | Lair:6   | Reached skill level 2 in Ice Magic
 39789 | Lair:6   | Learned a level 2 spell: Corpse Rot
 40094 | Elf:1    | Entered Level 1 of the Elven Halls
 40409 | Elf:1    | Reached skill level 6 in Shields
 40413 | Elf:1    | Reached skill level 9 in Dodging
 40415 | Elf:1    | Reached skill level 3 in Ice Magic
 41259 | Elf:1    | Reached skill level 13 in Hexes
 41289 | Elf:1    | Received a gift from Okawaru
 41289 | Elf:1    | Reached skill level 14 in Throwing
 41301 | Elf:1    | Got a warped large shield {god gift}
 41312 | Elf:1    | Identified the +0 large shield "Yheg" {*Slow Str+5 Int+2} (Okawaru gifted it to you on level 1 of the Elven Halls)
 41837 | Elf:1    | Reached skill level 7 in Fighting
 42141 | Elf:1    | Reached skill level 4 in Ice Magic
 42543 | Elf:1    | Reached skill level 12 in Short Blades
 42934 | Elf:1    | Got a faintly humming helmet
 42945 | Elf:1    | Identified the -2 helmet of Grace {rPois Dex+2} (You found it on level 1 of the Elven Halls)
 43379 | Elf:2    | Upgraded the game from 0.20-a0-345-gbfb25ec to 0.20-a0-350-ga83eecc
 43488 | Elf:2    | Found Namenico's Magic Scroll Shoppe.
 43500 | Elf:2    | Bought a scroll of fog for 28 gold pieces
 43500 | Elf:2    | Bought a scroll of teleportation for 42 gold pieces
 43500 | Elf:2    | Bought a scroll of teleportation for 42 gold pieces
 43500 | Elf:2    | Bought a scroll of acquirement for 728 gold pieces
 43505 | Elf:2    | Got an ancient plate armour
 43516 | Elf:2    | Identified the +0 plate armour "Lunumunica" {rElec Dex+2 Slay+2} (You acquired it on level 2 of the Elven Halls)
 43574 | Elf:2    | Found a runed gate.
 43574 | Elf:2    | Found a runed gate.
 43574 | Elf:2    | Found a runed gate.
 43715 | Elf:2    | Reached skill level 5 in Ice Magic
 43721 | Elf:2    | Reached XP level 17. HP: 96/96 MP: 26/26
 43731 | Elf:2    | Reached skill level 10 in Dodging
 43835 | Elf:2    | Received a gift from Okawaru
 44097 | Elf:1    | Cast into level 3 of the Abyss (a deep elf sorcerer)
 44126 | Abyss:3  | Noticed a kraken
 44140 | Abyss:3  | Noticed a tentacled monstrosity
 44141 | Abyss:3  | Noticed a tentacled monstrosity
 44143 | Abyss:3  | Got an abyssal rune of Zot
 44226 | Elf:1    | Escaped the Abyss
 44514 | Swamp:1  | Entered Level 1 of the Swamp
 46685 | Swamp:2  | Reached skill level 19 in Stealth
 47249 | Swamp:3  | Reached skill level 6 in Ice Magic
 47374 | Swamp:3  | Reached skill level 15 in Throwing
 47960 | Swamp:3  | Reached skill level 8 in Fighting
 47972 | Swamp:3  | Reached skill level 14 in Hexes
 48280 | Swamp:4  | Entered Level 4 of the Swamp
 48299 | Swamp:3  | Received a gift from Okawaru
 48497 | Swamp:4  | Noticed snakesoul's ghost (adept MiFi)
 49041 | Swamp:4  | Demolished by a spriggan rider

Vault maps used:
D:1:      dpeg_arrival_lava_temple_mockup
D:3:      gup_sewer_entry_spiral, minmay_misc_feat_room
D:4:      nicolae_ossuary_entry_plus
D:5:      first_bread, minmay_strange_pillars
D:7:      the_bakery, uniq_prince_ribbit1
D:9:      david_lair_generic, uniq_joseph
D:10:     david_orc_2, serial_bayou_lagoon_a, uniq_snorg, uniq_erolcha
D:11:     minmay_rotating_lava
D:12:     zaba_antful_of_joy
D:13:     serial_undead, serial_undead_c, serial_undead_d, serial_undead_f,
          serial_undead_b, dk_noncrumbling_4
D:14:     grunt_vaults_entry_tiered, uniq_josephine
D:15:     grunt_enter_depths_hoard, lemuel_doored_altar, uniq_urug, uniq_kirke
Temple:   compressed_dpeg_circular_temple
Lair:1:   basic_altar, nicolae_volcano_entry_lava_flow, grunt_megastairs_3,
          uniq_sonja
Lair:2:   eino_small_chamber_without_monster, grunt_megastairs_1
Lair:3:   swamp_mist_pool, dummy_snake_entry, lemuel_fruit_tree,
          serial_bayou_shore_b, uniq_harold
Lair:4:   serial_bayou, serial_bayou_shore_a, serial_bayou_pond_d,
          serial_bayou_lagoon_b, serial_bayou_pond_a, lab_entry_generic
Lair:5:   slime_altar_1, serial_bayou_crossing, uniq_rupert
Lair:6:   grunt_lair_end_beastmaster, minmay_lair_oklob_bushes,
          serial_bayou_pond_e
Swamp:1:  infiniplex_staircase_pool_2, swamp_pool1
Swamp:2:  nicolae_swamp_dense_foliage, swamp_pool1,
          nicolae_swamp_necromancer_hut
Swamp:3:  evilmike_swamp_ruin_house_6, swamp_pool4
Swamp:4:  grunt_swamp_rune_castle
Orc:2:    kennysheep_orc_mage_school
Elf:1:    eino_elf_arrival_sip, orc_legates, grunt_megastairs_2
Elf:2:    serial_shops, nicolae_shop_waterfront, hangedman_corner_corridor
Abyss:3:  evilmike_abyss_exit_5, small_statue_intersection,
          evilmike_nicolae_abyss_rune_betentacled_crabyss
Lab:      labyrinth_hidden_loot, nicolae_lab_swirl, lab_statue,
          nicolae_lab_dead_end, nicolae_lab_grate, nicolae_lab_blocks
Sewer:    sewer_kobolds
Ossuary:  ossuary_due_pyramid
Volcano:  volcano_tomb

Skill      XL: |  1  2  3  4  5  6  7  8  9 10 11 12 13 14 15 16 17 |
---------------+----------------------------------------------------+-----
Stealth        | 5 6 7 8 9 10 12 13 15 16 17 18 19 | 19.1
Throwing       | 3 4 5 6 7 8 10 11 12 13 14 15 | 15.2
Short Blades   | 3 4 5 6 7 8 9 10 11 12 | 12.6
Hexes          | 2 5 7 9 10 11 12 13 14 | 14.1
Invocations    | 2 4 6 8 |  8.0
Dodging        | 4 6 8 9 10 | 10.8
Fighting       | 3 5 6 7 8 |  8.1
Shields        | 2 4 5 6 |  6.1
Spellcasting   | 4 5 |  5.0
Charms         | 4 6 |  6.6
Ice Magic      | 1 5 6 |  6.5

Action                   |  1- 3 |  4- 6 |  7- 9 | 10-12 | 13-15 | 16-18 || total
-------------------------+-------+-------+-------+-------+-------+-------++-------
Melee: Dagger            |    69 |   182 |   469 |   270 |   816 |       ||  1806
       Demon blade       |       |       |   103 |    60 |    96 |    28 ||   287
       Rapier            |       |       |       |    17 |   757 |   762 ||  1536
       Punch             |       |       |       |     1 |       |       ||     1
       Scimitar          |       |       |       |       |       |   106 ||   106
 Fire: Blowgun           |    13 |    50 |    38 |    99 |   140 |     5 ||   345
Throw: Stone             |       |       |    12 |     1 |       |       ||    13
       Tomahawk          |       |       |       |       |    13 |     1 ||    14
       Javelin           |       |       |       |       |     4 |    10 ||    14
       Throwing net      |       |       |       |       |       |     6 ||     6
 Cast: Confuse           |       |       |    27 |   119 |   180 |     1 ||   327
       Repel Missiles    |       |       |       |     2 |     1 |     2 ||     5
       Ensorcelled Hiber |       |       |       |       |     6 |    11 ||    17
       Dazzling Spray    |       |       |       |       |       |     1 ||     1
       Apportation       |       |       |       |       |       |     1 ||     1
Invok: Heroism           |       |       |       |    12 |    29 |    28 ||    69
       Finesse           |       |       |       |       |       |     1 ||     1
Evoke: Wand              |       |       |     7 |     4 |     4 |       ||    15
       Phial of floods   |       |       |       |       |     2 |       ||     2
  Use: Potion            |       |     1 |     1 |     1 |     3 |     5 ||    11
       Scroll            |       |       |    14 |     5 |    29 |     7 ||    55
 Stab: Sleeping          |     7 |    15 |     7 |    34 |    55 |    59 ||   177
       Confused          |       |       |    10 |    59 |    89 |     2 ||   160
       Distracted        |       |       |     3 |       |     9 |     7 ||    19
       Petrifying        |       |       |       |       |     3 |       ||     3
       Held in net/web   |       |       |       |       |       |     2 ||     2
  Eat: Chunk             |     2 |     6 |    13 |    29 |    61 |    21 ||   132
       Pizza             |       |     1 |     1 |     1 |     2 |       ||     5
       Bread ration      |       |       |     1 |     1 |       |     1 ||     3
       Beef jerky        |       |       |     3 |     1 |     1 |     1 ||     6
       Royal jelly       |       |       |     1 |       |     1 |     1 ||     3
       Fruit             |       |       |       |    10 |     4 |     3 ||    17
       Meat ration       |       |       |       |       |     1 |       ||     1
Armor: Robe              |    16 |    42 |    98 |    37 |   278 |   141 ||   612
Dodge: Dodged            |    29 |   113 |   311 |   168 |   879 |   530 ||  2030
       Deflected         |       |       |       |     2 |    10 |    13 ||    25
Block: Buckler           |       |       |       |       |   289 |   183 ||   472
       Rpst.: Demon blade |       |       |    21 |    12 |    16 |     2 ||    51
       Scimitar          |       |       |       |       |       |    27 ||    27
